 Dungeon Crawl Stone Soup version 0.31-a0-435-g2c6fae2916 (webtiles) character file.

Game seed: 2851706275377613610

99846 Twinkles the Warrior (level 15, 0/253 HPs)
             Began as a Yellow Draconian Shapeshifter on July 28, 2023.
             Was the Champion of Qazlal.
             Slain by a skeletal warrior
             ... wielding a +0 halberd
             ... led by a death knight
              (14 damage)
             ... on level 15 of the Dungeon on Aug 1, 2023.
             The game lasted 02:19:45 (29430 turns).

Twinkles the Warrior (DrSh)                        Turns: 29430, Time: 02:19:46

Health: 0/253      AC: 14    Str: 28    XL:     15   Next: 78%
Magic:  26/26      EV: 13    Int: 10    God:    Qazlal [******]
Gold:   947        SH:  8    Dex: 12    Spells: 14/14 levels left

rFire   . .          .
                       - Unarmed
rCold   + . .        (shield currently unavailable)
rNeg    . . .        (body armour unavailable)
rPois   .            (helmet currently unavailable)
rElec   .            k - melded +0 cloak
rCorr   .            I - melded +0 pair of gloves
SInv    +            u - melded +1 pair of boots
Will    +....        X - amulet of regeneration Stlth
                     c - +4 ring of protection
HPRegen 1.42/turn    O - ring of see invisible
MPRegen 0.20/turn

%: repel missiles
@: berserking (expiring), snake-form, protected from cold, slowed, studying
Shapeshifting
A: constrict, boosted hp, (spit acid), AC +9, large, unfitting armour, (acidic
bite), (cold-blooded), (acid resistance)
a: Begin Untransformation, Renounce Religion, Upheaval, Elemental Force,
Disaster Area


You were on level 15 of the Dungeon.
You worshipped Qazlal.
Qazlal was exalted by your worship.
You were an enormous anaconda.
You visited 3 branches of the dungeon, and saw 22 of its levels.

You collected 1927 gold pieces.
You spent 980 gold pieces at shops.

Inventory:

Hand Weapons
 a - a +1 vampiric short sword
 L - a +3 longbow of flaming
 S - the +8 dagger "Otithath" {freeze, Str+2 Stlth+}
   (You found it on level 5 of the Lair of Beasts)

   Str:       It affects your strength (+2).
   Stlth:     It makes you more stealthy.
Missiles
 g - 45 poisoned darts
 y - 19 javelins
 C - a throwing net
Armour
 k - a +0 cloak (melded)
 n - a +0 troll leather armour
 u - a +1 pair of boots (melded)
 I - a +0 pair of gloves (melded)
Jewellery
 c - a +4 ring of protection (left hand)
 f - a ring of protection from cold
 h - a ring of poison resistance
 E - a +4 ring of protection
 G - a ring of protection from fire
 O - a ring of see invisible (right hand)
 V - a ring of ice
 X - an amulet of regeneration (around neck)
Talismans
 b - a beast talisman
 e - a blade talisman
 F - a maw talisman
 K - a serpent talisman (active)
Wands
 d - a wand of digging (13)
 i - a wand of iceblast (9)
 j - a wand of polymorph (11)
 p - a wand of paralysis (7)
 q - a wand of flame (10)
Scrolls
 l - a scroll of fear {unknown}
 m - 2 scrolls of fog {unknown}
 o - 2 scrolls of poison
 s - a scroll of silence {unknown}
 t - 4 scrolls of revelation
 v - 2 scrolls of torment
 w - 3 scrolls of amnesia {unknown}
 x - 4 scrolls of enchant armour
 z - 2 scrolls of vulnerability {unknown}
 A - 2 scrolls of brand weapon {unknown}
 D - 3 scrolls of blinking
 W - 3 scrolls of enchant weapon
 Y - 5 scrolls of teleportation
 Z - 7 scrolls of identify
Potions
 r - a potion of enlightenment
 B - a potion of brilliance
 H - a potion of haste
 J - 8 potions of curing
 M - 5 potions of might
 N - 2 potions of heal wounds
 P - 4 potions of lignification
 Q - 2 potions of magic
 R - a potion of resistance
 T - 2 potions of berserk rage
 U - 2 potions of mutation


   Skills:
 + Level 15.3 Fighting
 - Level 9.3 Dodging
 + Level 14.4 Unarmed Combat
 + Level 14.9 Invocations
 + Level 11.6 Shapeshifting


You had 14 spell levels left.
You didn't know any spells.
Your spell library contained the following spells:

 Spells                   Type           Power      Damage    Failure   Level
 Apportation              Tloc           0%         N/A       36%         1
 Kiss of Death            Conj/Necr      0%         2d5       36%         1
 Necrotise                Necr           0%         1d4       36%         1
 Slow                     Hex            0%         N/A       36%         1
 Sting                    Tmut/Pois      0%         1d3       36%         1
 Summon Small Mammal      Summ           0%         N/A       36%         1
 Poisonous Vapours        Pois/Air       0%         N/A       50%         2
 Sublimation of Blood     Necr           0%         N/A       50%         2
 Wereblood                Tmut           0%         N/A       50%         2
 Call Canine Familiar     Summ           0%         N/A       75%         3
 Confusing Touch          Hex            0%         N/A       75%         3
 Dazzling Flash           Conj/Hex       0%         N/A       75%         3
 Ignite Poison            Fire/Tmut/Pois 0%         N/A       75%         3
 Portal Projectile        Hex/Tloc       0%         N/A       75%         3
 Summon Guardian Golem    Hex/Summ       0%         N/A       75%         3
 Tukima's Dance           Hex            0%         N/A       75%         3
 Vampiric Draining        Necr           0%         2d6       75%         3
 Volatile Blastmotes      Fire/Tloc      0%         2d10      75%         3
 Dispel Undead            Necr           0%         3d6       98%         4
 Iskenderun's Mystic Bla  Conj/Tloc      0%         2d3       98%         4
 Leda's Liquefaction      Hex/Erth       0%         N/A       98%         4
 Manifold Assault         Tloc           0%         N/A       98%         4
 Olgreb's Toxic Radiance  Pois           0%         N/A       98%         4
 Sticky Flame             Conj/Fire      0%         2d3       98%         4
 Dispersal                Tloc           0%         N/A       100%        6
 Starburst                Conj/Fire      0%         6d3       100%        6
 Summon Hydra             Summ           0%         N/A       100%        7
 Disjunction              Tloc           0%         N/A       100%        8
 Ignition                 Fire           0%         3d3       100%        8
 Maxwell's Capacitive Co  Air            0%         ∞         100%        8


Dungeon Overview and Level Annotations

Branches:
Dungeon (15/15) Zot: 26361  Temple (0/1) D:7            Lair (5/5) D:8 Zot: 19212
  Swamp (0/4) Lair:3        Snake (0/4) Lair:3        Slime (0/5) Lair:4
    Orc (2/2) D:10 Zot: 9468     Elf (0/3) Orc:2        Vaults (0/5) D:13
 Depths (0/4) D:15

Altars:
Ashenzari
Gozag
Kikubaaqudgha
Nemelex Xobeh
Okawaru
Qazlal
Sif Muna
Trog
Wu Jian
Xom

Shops:
D:3 =   D:4 :*   D:7 :   Orc:2 =:*[

Annotations:
D:14 3 runed translucent doors
Lair:3 exclusions: electric eel and 1 more exclusion


Innate Abilities, Weirdness & Mutations

You are an enormous anaconda.
You have a powerful constriction melee attack.
Your maximum health is increased.
Your armour is entirely melded.
You are incapable of wielding weapons or throwing items.
((You can spit globs of acid.))
((Your golden yellow scales are hard. (AC +9)))
You cannot fit into any form of body armour.
((You have acidic saliva.))
((You are cold-blooded and may be slowed by cold attacks.))
((You are resistant to acid. (rCorr)))


Message History

The freezing wraith is moderately damaged.
You block the skeletal warrior's attack.
The freezing wraith hits you but does no damage.
The freezing wraith hits you.
* * * LOW HITPOINT WARNING * * *
The freezing wraith drains your vigour!
You feel as though you will be slow longer.
The freezing wraith closely misses you.
The freezing wraith hits you but does no damage.
You hit the freezing wraith but do no damage.
The freezing wraith is moderately damaged.
You body-slam the freezing wraith!!
You destroy the freezing wraith!
Qazlal accepts your kill.
You block the skeletal warrior's attack.
The freezing wraith hits you.
* * * LOW HITPOINT WARNING * * *
The freezing wraith freezes you! You resist.
You feel more protected from cold.
* * * LOW HITPOINT WARNING * * *
The freezing wraith hits you but does no damage.
You hit the freezing wraith but do no damage.
The skeletal warrior hits you from afar with a +0 halberd!
* * * LOW HITPOINT WARNING * * *
The freezing wraith hits you.
* * * LOW HITPOINT WARNING * * *
The freezing wraith freezes you. You resist.
* * * LOW HITPOINT WARNING * * *
You block the freezing wraith's attack.
You lash the freezing wraith!
The freezing wraith is moderately damaged.
The freezing wraith hits you!
* * * LOW HITPOINT WARNING * * *
The freezing wraith freezes you! You resist.
You feel more protected from cold.
* * * LOW HITPOINT WARNING * * *
The freezing wraith hits you.
* * * LOW HITPOINT WARNING * * *
The skeletal warrior hits you from afar with a +0 halberd!
You die...

######### ### #.<...^.#
..# #.#####.# #.#
#p#####.###### #.#
#W##.z..W....# ..#
#W##W##.####.####
#.#####z##.##.#z.p....#
#...).........#W##○##.#
..#############.S..#
### #..### #.○####.#
#.......# ##.######
#### .... .# #.#
...#........# #.#
##.#........# #.#
#.#..##.##.## #.#


You could see a skeletal warrior and a freezing wraith.

Vanquished Creatures
  Jorgrun (D:13)
  4 orc warlords
  Nessos (Lair:4)
  A stone giant (D:15)
  Snorg (Lair:4)
  3 hydras
  Fannar (D:10)
  4 ogre magi (Orc:2)
  A vault guard (D:13)
  5 centaur warriors
  4 catoblepae
  A death knight (D:15)
  2 boulder beetles
  15 two-headed ogres
  10 death yaks
  Urug (Lair:4)
  Sonja (D:13)
  A fire crab (D:8)
  Amaemon (D:9)
  A skyshark (Lair:2)
  3 skeletal warriors
  3 bog bodies (Lair:3)
  Pikel (D:4)
  3 wizards
  A deep elf pyromancer (D:14)
  4 orc sorcerers
  3 orc knights
  3 ugly things
  5 manticores
  5 cyclopes
  9 elephants
  8 black mambas
  An orange demon (D:9)
  13 cane toads
  2 freezing wraiths
  2 kobold demonologists
  9 komodo dragons
  3 rime drakes (Lair:1)
  12 trolls
  2 polar bears
  A meliai (shapeshifter) (D:13)
  A hornet (shapeshifter) (D:13)
  Prince Ribbit (D:6)
  7 dream sheep (Lair:5)
  14 blink frogs
  A spriggan (shapeshifter) (D:14)
  4 wraiths
  22 humans (D:13)
  8 slime creatures
  2 water elementals (D:13)
  4 wyverns
  50 yaks
  Eustachio (D:5)
  2 steam dragons
  5 basilisks
  2 vampire mosquitoes (D:14)
  Grum (D:9)
  Edmund (D:4)
  3 nagas (Lair:3)
  3 acid dragons
  2 swamp worms (Lair:3)
  4 wargs
  12 water moccasins
  Duvessa (D:7)
  25 orc warriors
  2 sky beasts
  2 ice beasts
  9 wolves
  5 boggarts
  30 ogres
  11 centaurs
  2 lemures
  2 phantoms
  A kobold brigand (D:6)
  12 bullfrogs
  A gnoll sergeant (D:9)
  4 scorpions
  Dowan (D:7)
  5 wights (D:9)
  9 killer bees
  8 howler monkeys
  6 electric eels (D:13)
  6 jellies
  17 orc priests
  Crazy Yiuf (D:5)
  7 hounds
  A gnoll bouda (D:5)
  2 iguanas (D:4)
  5 sleepcaps
  15 orc wizards
  7 hell rats
  Robin (D:2)
  14 gnolls
  5 adders
  An ufetubus (D:5)
  A worm (D:5)
  2 dart slugs
  68 orcs
  8 ball pythons
  7 endoplasms
  2 giant cockroaches (D:2)
  15 goblins
  9 hobgoblins
  2 quokkas
  6 bats
  2 frilled lizards
  14 kobolds
  3 rats
659 creatures vanquished.

Vanquished Creatures (collateral kills)
  A two-headed ogre (Orc:2)
  2 orc warriors (Orc:2)
  2 orc wizards (Orc:2)
5 creatures vanquished.

Vanquished Creatures (others)
  An orc (Orc:2)
1 creature vanquished.

Grand Total: 665 creatures vanquished

Notes
Turn   | Place    | Note
-------+----------+-------------------------------------------
     0 | D:1      | Twinkles the Draconian Shapeshifter began the quest for the
                  | Orb.
     0 | D:1      | Reached XP level 1. HP: 16/16 MP: 1/1
    71 | D:1      | Found a faded altar of an unknown god.
    74 | D:1      | Prayed at the altar of an unknown god.
    74 | D:1      | Became a worshipper of Qazlal Stormbringer
    74 | D:1      | Reached * piety under Qazlal
   155 | D:1      | Reached XP level 2. HP: 23/23 MP: 2/2
   785 | D:2      | Reached XP level 3. HP: 29/29 MP: 3/3
  1042 | D:2      | Noticed Robin
  1054 | D:2      | Reached skill level 2 in Fighting
  1114 | D:2      | Killed Robin
  1173 | D:2      | Reached ** piety under Qazlal
  1369 | D:2      | Reached XP level 4. HP: 32/36 MP: 4/4
  1409 | D:3      | Found Qoegomao's Jewellery Emporium.
  1802 | D:3      | You fall into a shaft and drop 3 floors!
  1811 | D:6      | Noticed an ogre
  1928 | D:6      | Killed an ogre
  1929 | D:6      | Reached skill level 3 in Fighting
  1929 | D:6      | Reached XP level 5. HP: 34/45 MP: 2/5
  2122 | D:5      | Entered Level 5 of the Dungeon
  2155 | D:5      | Reached XP level 6. HP: 45/51 MP: 4/6
  2499 | D:3      | Found a sparkling altar of Nemelex Xobeh.
  3089 | D:4      | Found Gozag's Platinum Reserve.
  3177 | D:4      | Reached *** piety under Qazlal
  3178 | D:4      | Reached skill level 4 in Fighting
  3178 | D:4      | Reached skill level 1 in Invocations
  3178 | D:4      | Your scales start taking on a golden yellow colour.
  3178 | D:4      | Reached XP level 7. HP: 46/59 MP: 7/7
  3178 | D:4      | Gained mutation: You are resistant to acid. (rCorr) [Yellow
                  | Draconian growth]
  3225 | D:4      | Found an opulent altar of Gozag.
  3286 | D:4      | Found Weelidee's Book Shop.
  3468 | D:4      | Found a broken altar of Ashenzari.
  3635 | D:5      | Found a bloodstained altar of Trog.
  3638 | D:5      | Noticed Eustachio
  3693 | D:5      | Noticed Edmund
  3709 | D:4      | Killed Edmund
  3824 | D:5      | Reached skill level 5 in Unarmed Combat
  3914 | D:5      | Killed Eustachio
  3941 | D:5      | Reached XP level 8. HP: 59/67 MP: 7/10
  4096 | D:5      | Reached skill level 5 in Fighting
  4305 | D:5      | Noticed Pikel
  4736 | D:5      | Found a runed translucent door.
  4737 | D:5      | Noticed Crazy Yiuf
  4782 | D:5      | Found an ancient bone altar of Kikubaaqudgha.
  4952 | D:4      | Killed Pikel
  4953 | D:4      | Reached skill level 5 in Dodging
  4953 | D:4      | Reached skill level 5 in Shapeshifting
  5031 | D:5      | Killed Crazy Yiuf
  5171 | D:6      | Noticed Prince Ribbit
  5191 | D:6      | Killed Prince Ribbit
  5192 | D:6      | Reached skill level 6 in Fighting
  5192 | D:6      | Reached XP level 9. HP: 38/75 MP: 6/12
  5569 | D:6      | Reached skill level 5 in Invocations
  5882 | D:7      | Noticed Duvessa
  5908 | D:7      | Killed Duvessa
  5908 | D:7      | Noticed Dowan
  5911 | D:7      | Killed Dowan
  6078 | D:7      | Found an ornate altar of the Wu Jian Council.
  6131 | D:7      | Reached **** piety under Qazlal
  6152 | D:7      | Found a shimmering altar of Xom.
  6365 | D:7      | Reached skill level 7 in Fighting
  6445 | D:7      | Noticed a troll
  6450 | D:7      | Killed a troll
  6472 | D:7      | Reached XP level 10. HP: 30/86 MP: 2/14
  6472 | D:7      | HP: 24/86 [steam dragon/ball of steam (7)]
  6477 | D:7      | HP: 20/86 [steam dragon (5)]
  6720 | D:7      | Found Xasol's Book Shop.
  6819 | D:7      | Found a staircase to the Ecumenical Temple.
  7276 | D:8      | Found a shimmering blue altar of Sif Muna.
  7334 | D:8      | Found a staircase to the Lair.
  7334 | D:8      | Noticed a fire crab
  7345 | D:8      | Killed a fire crab
  7545 | D:8      | Noticed Maggie
  7940 | D:8      | Maggie changed into Maggie the endoplasm
  7940 | D:8      | Noticed Maggie
  7944 | D:8      | Killed Maggie the endoplasm
  8137 | D:9      | Reached skill level 8 in Fighting
  8391 | D:9      | Noticed Grum
  8400 | D:9      | Killed Grum
  8416 | D:9      | HP: 25/88 [wolf[Grum] (9)]
  9027 | D:10     | Entered Level 10 of the Dungeon
  9028 | D:10     | Upgraded the game from 0.31-a0-365-gcf821cafb2 to
                  | 0.31-a0-426-g3a05650e59
  9034 | D:10     | Noticed an orange demon
  9039 | D:10     | Noticed Amaemon
  9418 | Lair:1   | Entered Level 1 of the Lair of Beasts
  9518 | Lair:1   | Reached XP level 11. HP: 68/95 MP: 11/16
  9827 | Lair:1   | Noticed a catoblepas
  9845 | Lair:1   | Killed a catoblepas
 10178 | Lair:1   | Reached skill level 9 in Fighting
 11271 | Lair:2   | Noticed a skyshark
 11275 | Lair:2   | Killed a skyshark
 11334 | Lair:2   | Noticed a death yak
 11360 | Lair:2   | Noticed a death yak
 11361 | Lair:2   | Noticed a death yak
 11913 | Lair:2   | Reached skill level 10 in Fighting
 12228 | Lair:2   | Noticed a death yak
 12246 | Lair:1   | Killed a death yak
 12247 | Lair:1   | Reached XP level 12. HP: 100/106 MP: 17/19
 12327 | Lair:1   | Killed a death yak
 12373 | Lair:2   | Killed a death yak
 12374 | Lair:2   | Reached skill level 10 in Unarmed Combat
 12605 | Lair:2   | Killed a death yak
 13136 | Lair:3   | Noticed a seven-headed hydra
 13160 | Lair:3   | Killed a seven-headed hydra
 13161 | Lair:3   | Reached skill level 10 in Invocations
 13629 | D:3      | Bought a serpent talisman for 560 gold pieces
 14177 | Lair:3   | Reached skill level 11 in Fighting
 14293 | Lair:3   | Found a staircase to the Snake Pit.
 14339 | Lair:3   | Identified the +2 robe of Afrourep {*Slow rElec rCorr SInv}
 15437 | Lair:3   | Found a staircase to the Swamp.
 15817 | Lair:4   | Noticed Urug
 15860 | Lair:4   | Killed Urug
 16021 | Lair:4   | Upgraded the game from 0.31-a0-426-g3a05650e59 to
                  | 0.31-a0-431-g88bdf31460
 16074 | Lair:4   | Noticed Snorg
 16159 | Lair:4   | Found a staircase to the Slime Pits.
 16163 | Lair:4   | Reached XP level 13. HP: 117/117 MP: 21/21
 16254 | Lair:4   | Killed Snorg
 16783 | Lair:4   | Noticed Nessos
 16800 | Lair:4   | Killed Nessos
 17639 | Lair:5   | Entered Level 5 of the Lair of Beasts
 17868 | Lair:4   | Reached skill level 12 in Fighting
 19624 | Lair:5   | Reached ***** piety under Qazlal
 20171 | Lair:5   | Reached skill level 13 in Fighting
 20281 | Lair:5   | Gained mutation: You have acidic saliva. [Yellow Draconian
                  | growth]
 20281 | Lair:5   | Reached XP level 14. HP: 129/129 MP: 18/23
 20538 | Lair:5   | Identified the +8 dagger "Otithath" {freeze, Str+2 Stlth+}
 20770 | D:9      | Killed Amaemon
 20852 | D:10     | Noticed Fannar
 20867 | D:10     | Killed Fannar
 21157 | D:10     | Found a staircase to the Orcish Mines.
 21485 | Orc:1    | Entered Level 1 of the Orcish Mines
 21487 | Orc:1    | Paralysed by an orc sorcerer for 5 turns
 21700 | D:3      | Bought an amulet of regeneration for 420 gold pieces
 22130 | Orc:1    | Noticed an orc warlord
 22301 | D:10     | Killed an orc warlord
 22618 | Orc:2    | Entered Level 2 of the Orcish Mines
 22805 | Orc:2    | Noticed an orc warlord
 23083 | Orc:2    | Killed an orc warlord
 23200 | Orc:2    | Noticed an orc warlord
 23234 | Orc:2    | Killed an orc warlord
 23235 | Orc:2    | Reached skill level 10 in Shapeshifting
 23629 | Orc:2    | Paralysed by an ogre mage for 3 turns
 23716 | Orc:2    | Reached skill level 14 in Fighting
 23948 | Orc:2    | Found a staircase to the Elven Halls.
 24055 | Orc:2    | Noticed an orc warlord
 24343 | Orc:1    | Killed an orc warlord
 24529 | Orc:2    | Found Qeexuawk's Antique Armour Shoppe.
 24529 | Orc:2    | Found Lotilyucs's Book Shop.
 24530 | Orc:2    | Found Suac's General Store.
 24530 | Orc:2    | Found Xeomm's Jewellery Emporium.
 24540 | Orc:2    | Reached XP level 15. HP: 139/139 MP: 25/25
 24546 | Orc:2    | Reached ****** piety under Qazlal
 25995 | D:12     | Upgraded the game from 0.31-a0-431-g88bdf31460 to
                  | 0.31-a0-435-g2c6fae2916
 26726 | D:13     | Noticed Sonja
 26729 | D:13     | Killed Sonja
 26908 | D:13     | Noticed Jorgrun
 27082 | D:13     | Killed Jorgrun
 27083 | D:13     | Reached skill level 15 in Fighting
 27612 | D:13     | Identified a scroll of acquirement
 27613 | D:13     | Acquired a manual of Shapeshifting
 27707 | D:13     | Found a gate to the Vaults.
 28409 | D:14     | Found a runed translucent gate.
 28409 | D:14     | Found a runed translucent gate.
 28409 | D:14     | Found a runed translucent gate.
 28798 | D:15     | Entered Level 15 of the Dungeon
 28798 | D:15     | Found an iron altar of Okawaru.
 28858 | D:15     | Found a staircase to the Depths.
 29423 | D:15     | HP: 64/253 [freezing wraith[a death knight] (13)]
 29428 | D:15     | HP: 62/253 [freezing wraith[a death knight] (4)]
 29430 | D:15     | HP: 25/253 [freezing wraith[a death knight] (9)]
 29430 | D:15     | Slain by a skeletal warrior

Illustrated notes

Levels and vault maps discovered:
D:1:      lemuel_arrival_river_bridge, layout_loops_ring,
          chequers_ecumenical_altar_simple, minmay_domino_4
D:2:      layout_basic, serial_park_tiny_2, uniq_robin
D:3:      layout_basic, nemelex_spade_bored_becter, serial_shops,
          nicolae_shop_crystal
D:4:      layout_cave_pools, nicolae_gozag_zags_fifth_avenue,
          lemuel_coloured_pillars_altar, serial_shops, shop,
          minmay_misc_feat_diagonals, grunt_ministairs_6
D:5:      layout_rooms, kennysheep_little_box, lemuel_crystal_altar,
          kennysheep_nub, minmay_between, uniq_crazy_yiuf_cottage, uniq_edmund,
          uniq_eustachio, uniq_pikel
D:6:      layout_gridville, hangedman_decor_clover_reticule,
          minmay_fractal_squares_5, uniq_prince_ribbit1
D:7:      layout_basic, mainiacjoe_overflow_catwalk,
          mainiacjoe_overflow_small_starburst,
          minmay_temple_entry_statues_pillars, serial_shops, shop, uniq_duvessa
D:8:      layout_gridville, nicolae_sif_muna_condensation,
          minmay_lair_entry_lava, uniq_maggie
D:9:      layout_basic, uniq_grum
D:10:     layout_stronghold, orc_0_dummy, kennysheep_generic_room_7,
          uniq_amaemon, uniq_fannar
D:11:     layout_long_grid, grunt_ministairs_6
D:12:     layout_irregular_city, serial_column_ruins,
          column_ruins_columns_corner, column_ruins_grid_1, column_ruins_grid_3,
          column_ruins_corridor_straight, column_ruins_grid_3,
          column_ruins_open_small
D:13:     layout_basic, grunt_vaults_entry_tiered, uniq_sonja, uniq_jorgrun
D:14:     kennysheep_spiral_hall, layout_basic,
          ploomutoo_gammafunk_ghost_potion_laboratory, roderic_lattice_a
D:15:     grunt_enter_depths_giant_problem, layout_loops_cross, st_stairs_2,
          grunt_ministairs_12, okawaru_gym_becter
Lair:1:   layout_layer_cave
Lair:2:   layout_chaotic_city, grunt_forest_large_clearings
Lair:3:   layout_layer_cave, nicolae_swamp_entry_splash_gauntlet,
          guppyfry_snake_entry_island
Lair:4:   layout_cave_pods, minmay_slime_entry_pillars, uniq_nessos, uniq_snorg,
          uniq_urug
Lair:5:   evilmike_catoblepas_cave, layout_cave_shapes,
          infiniplex_staircase_pool_2
Orc:1:    layout_caves
Orc:2:    st_orc_ogre_mass, layout_diamond_mine

Skill      XL: |  1  2  3  4  5  6  7  8  9 10 11 12 13 14 15 |
---------------+----------------------------------------------+-----
Dodging        | 2 3 4 5 6 7 8 9 |  9.3
Fighting       | 2 3 4 6 7 8 10 11 13 14 15 | 15.3
Unarmed Combat | 4 5 6 7 8 9 11 12 13 14 | 14.4
Shapeshifting  | 4 5 6 7 8 9 10 11 | 11.6
Invocations    | 1 2 4 6 7 9 11 12 13 14 | 14.9

Action                     |  1- 3 |  4- 6 |  7- 9 | 10-12 | 13-15 || total
---------------------------+-------+-------+-------+-------+-------++-------
  Melee: Unarmed           |    77 |   109 |   224 |   427 |   987 ||  1824
         Tailslap          |     6 |    15 |    37 |    56 |       ||   114
         Punch             |     1 |     6 |    12 |    23 |       ||    42
         Constrict         |       |       |       |    18 |   206 ||   224
         Maw               |       |       |       |     7 |       ||     7
  Throw: Dart              |       |     1 |     1 |       |       ||     2
         Javelin           |       |       |     2 |     4 |       ||     6
 Invoke: Upheaval          |       |       |     7 |     8 |    16 ||    31
         Elemental Force   |       |       |       |       |     2 ||     2
Ability: Breathe Acid      |       |       |    33 |    38 |       ||    71
  Evoke: Wand              |       |       |       |     3 |     2 ||     5
    Use: Potion            |       |     1 |     1 |     2 |     2 ||     6
         Scroll            |       |     1 |     8 |     6 |    11 ||    26
   Stab: Sleeping          |     1 |       |       |       |       ||     1
         Distracted        |       |       |       |     1 |       ||     1
 Armour: Skin              |    19 |    12 |    41 |    72 |   364 ||   508
  Dodge: Dodged            |    32 |    43 |   122 |   248 |   482 ||   927
         Repelled          |       |       |       |       |    12 ||    12
  Block: Other             |     4 |    11 |    42 |    75 |   288 ||   420
         Form:             |     1 |       |       |       |       ||     1
         Beast             |     1 |       |       |       |       ||     1
         Anaconda          |       |       |       |     2 |       ||     2
         Maw               |       |       |       |     1 |       ||     1

Table legend: (Time is in decaauts)
 A = Elapsed time spent in this place.
 B = Non-inter-level travel time spent in this place.
 C = Inter-level travel time spent in this place.
 D = Time resting spent in this place.
 E = Time spent auto-exploring this place.
 F = Levels seen in this place.
 G = Mean time per level.
                   A        B        C        D        E       F      G
               +--------+--------+--------+--------+--------+-----+--------+
         Total |  29241 |  25594 |   3647 |   3182 |  16340 |  22 | 1329.1 |
       Dungeon |  15922 |  13948 |   1974 |   1367 |   9247 |  15 | 1061.5 |
          Lair |  10787 |   9630 |   1157 |   1554 |   6131 |   5 | 2157.4 |
  Orcish Mines |   2531 |   2016 |    515 |    260 |    962 |   2 | 1265.5 |
               +--------+--------+--------+--------+--------+-----+--------+

Top non-repeatable levels by time:
  Lair:3: 2526 daAuts
  Lair:1: 2328 daAuts
  Lair:5: 2209 daAuts
  Lair:4: 2196 daAuts
  Lair:2: 1526 daAuts
     D:5: 1499 daAuts
     D:9: 1418 daAuts
    D:10: 1392 daAuts
     D:8: 1389 daAuts
    D:14: 1349 daAuts
   Orc:2: 1305 daAuts
   Orc:1: 1225 daAuts
     D:4: 1144 daAuts
     D:3: 1119 daAuts
     D:7: 1114 daAuts
